 Dungeon Crawl Stone Soup version 0.21.1-1-g345015f (webtiles) character file.

61458 rz the Geomancer (level 15, -1/96 HPs)
             Began as a Gargoyle Earth Elementalist on Apr 7, 2018.
             Was a High Priest of Vehumet.
             Slain by a sun demon (19 damage)
             ... summoned by an orc sorcerer
             ... on level 2 of the Orcish Mines.
             The game lasted 01:36:00 (28001 turns).

rz the Geomancer (Gargoyle Earth Elementalist)     Turns: 28001, Time: 01:36:00

Health: -1/96      AC: 21    Str: 16      XL:     15   Next: 3%
Magic:  8/54       EV: 16    Int: 22 (23) God:    Vehumet [*****.]
Gold:   1687       SH:  6    Dex: 10      Spells: 11/36 levels left

rFire    . . .     SeeInvis .   Z - staff of power
rCold    + . .     Gourm    .   U - +2 buckler
rNeg     + . .     Faith    .   k - +2 robe {rC+}
rPois    ∞         Spirit   .   (no helmet)
rElec    +         Reflect  .   O - +2 cloak
rCorr    .         Harm     .   r - +2 pair of gloves
MR       +....                  (no boots)
Stlth    ++........             P - amulet of magic regeneration
HPRegen  0.26/turn              I - ring of wizardry
MPRegen  0.59/turn              J - ring of magical power

@: mighty, about to teleport, flying, very slightly contaminated, hasted,
drained, invisible, very quick
A: big wings, negative energy resistance 1, electricity resistance, unbreathing,
petrification resistance, rot immunity, AC +11
a: Stop Flying, Renounce Religion


You were on level 2 of the Orcish Mines.
You worshipped Vehumet.
Vehumet was extremely pleased with you.
You were near starving.

You visited 4 branches of the dungeon, and saw 18 of its levels.

You collected 1777 gold pieces.
You spent 90 gold pieces at shops.

Inventory:

Hand Weapons
 K - the +0 long sword of Demand {freeze, rF+ MR+}
   (You found it on level 5 of the Lair of Beasts)

   It has been specially enchanted to freeze those struck by it, causing extra
   injury to most foes and up to half again as much damage against particularly
   susceptible opponents.
   It can also slow down cold-blooded creatures.
   It protects you from fire.
   It affects your resistance to hostile enchantments.
Armour
 k - a +2 robe of cold resistance (worn)
 r - a +2 pair of gloves (worn)
 N - a +4 troll leather armour
 O - a +2 cloak (worn)
 U - a +2 buckler (worn)
Magical Staves
 Z - an uncursed staff of power (weapon)
Jewellery
 b - an uncursed ring of ice
 h - an uncursed ring of protection from cold
 s - an uncursed ring of resist corrosion
 I - a ring of wizardry (left hand)
 J - a ring of magical power (right hand)
 P - an amulet of magic regeneration (around neck)
 T - an uncursed ring of protection from fire
Wands
 i - a wand of polymorph (12)
 o - a wand of acid (13)
 D - a wand of disintegration (9)
 E - a wand of paralysis (30)
 G - a wand of enslavement (7)
 L - a wand of iceblast (15)
Scrolls
 a - 3 scrolls of magic mapping
 m - 10 scrolls of remove curse
 p - 5 scrolls of immolation
 q - a scroll of silence {unknown}
 u - 6 scrolls of teleportation
 V - 2 scrolls of noise {unknown}
 X - a scroll of fog
Potions
 n - 2 potions of invisibility
 x - 2 potions of agility
 A - 3 potions of might
 B - a potion of lignification {unknown}
 H - a potion of degeneration {unknown}
 S - 2 potions of haste
 Y - a potion of brilliance {unknown}
Miscellaneous
 c - a lightning rod (4/4)
 v - a lamp of fire
 Q - a crystal ball of energy
 W - a lightning rod (4/4)
Comestibles
 d - 17 rations
 f - a chunk of flesh


   Skills:
 + Level 11.8(11.5) Fighting
 + Level 2.4(2.1) Long Blades
 + Level 9.5(9.2) Dodging
 - Level 2.1(1.9) Stealth
 + Level 3.1(2.9) Shields
 + Level 11.4(11.1) Spellcasting
   Level 0.7(0.4) Transmutations
 + Level 11.0(10.7) Fire Magic
 + Level 14.5(14.1) Earth Magic
 + Level 2.2(1.9) Evocations


You had 11 spell levels left.
You knew the following spells:

 Your Spells              Type           Power        Failure   Level  Hunger
a - Sandblast             Erth           ######       0%          1    None
b - Stone Arrow           Conj/Erth      #####.       1%          3    None
c - Lee's Rapid Deconstr  Erth           ######....   1%          5    ####...
d - Blink                 Tloc           N/A          4%          2    None
e - Conjure Flame         Conj/Fire      #####...     1%          3    None
f - Fireball              Conj/Fire      #####.....   2%          5    ####...
g - Iron Shot             Conj/Erth      #####.....   6%          6    ######.


Dungeon Overview and Level Annotations

Branches:
Dungeon (9/15)             Temple (1/1) D:5            Lair (6/6) D:8
  Swamp (0/4) Lair:4        Snake (0/4) Lair:4        Slime (0/5) Lair:5
    Orc (2/2) D:9             Elf (0/3) Orc:2

Altars:
Ashenzari
Cheibriados
Dithmenos
Elyvilon
Fedhas
Gozag
Hepliaklqana
Kikubaaqudgha
Makhleb
Nemelex Xobeh
Okawaru
Qazlal
Ru
Sif Muna
Trog
Uskayaw
Vehumet
Wu Jian
Xom
Yredelemnul
Zin
The Shining One

Shops:
D:7 *   D:9 *   Orc:1 %   Orc:2 ?%!


Innate Abilities, Weirdness & Mutations

You are resistant to torment.
Your stone body is resilient. (AC +11)
You are immune to poison.
Your large and strong wings let you fly indefinitely.
You resist negative energy. (rN+)
You are resistant to electric shocks. (rElec)
You can survive without breathing.
You are immune to petrification.
You are immune to rotting.


Message History

Okay, then.
Casting: Fireball
Confirm with . or Enter, or press ? or * to list all spells.
Aiming: Lee's Rapid Deconstruction
Press: ? - help, Dir - move target cursor, p - orc sorcerer The wall shatters!
The blast of rock fragments hits the orc sorcerer.
The orc sorcerer is moderately wounded.
Your attack snaps the orc sorcerer out of its fear.
You hear a shout! x4
The sun demon hits you!
You are engulfed in flames!
* * * LOW HITPOINT WARNING * * *
The orc sorcerer casts a spell.
You hear a shout!
You fade further into invisibility.
You hear a shout! x2
The orange demon closely misses you. The sun demon hits you.
* * * LOW HITPOINT WARNING * * *
You are engulfed in flames!!
You die...

####.......# ##..###.....#.#
##.#.#.....####.)#####.......
#....)#....###).###.###.#...#
######)#).#...###..###...####...#
#.##..#....#.###..###.#.#.###....
......)#..#.###..###...#...###...
#.....##...###..###...###...###..
###.......###..###...## #)..####
.##......###....@..)## #o..# #
.#.#....###....#3.4## #o..##
#......###...#.4.)## #o#.
......###∩.#...)o##


oo. .....###....)#.)## oo ......###∩.#.....## .......###..)#))..##
<.......###))[)#...## # .........###.)[.....# ## You could see a sun demon, an
orange demon, a rust devil (wandering) and an orc sorcerer.

Vanquished Creatures
  An orc warlord (Orc:1)
  Fannar (Orc:1)
  3 hydras
  The ghost of kmckee24 the Cleaver, a novice MiFi of Okawaru (D:8)
  4 death yaks
  5 two-headed ogres
  A soul eater (Orc:2)
  Urug (D:9)
  2 sixfirhies (Orc:2)
  4 orc knights
  4 lindwurms (Lair:5)
  A wolf spider (Lair:1)
  2 orc sorcerers (Orc:2)
  5 elephants (Lair:5)
  Maurice (Orc:1)
  An eye of devastation (Lair:5)
  5 black mambas
  9 spiny frogs
  3 rime drakes
  7 komodo dragons
  3 trolls
  4 polar bears
  The ghost of zizio the Bolt Thrower, an amateur FoHu (D:3)
  5 hornets (Lair:6)
  26 blink frogs
  Prince Ribbit (D:5)
  7 dream sheep
  5 hippogriffs
  A wraith (D:9)
  15 spriggans (Lair:6)
  A wyvern (Lair:3)
  Sigmund (D:2)
  A basilisk (Lair:4)
  37 yaks
  A human (D:7)
  A hungry ghost (D:7)
  4 hogs (D:7)
  A neqoxec (Orc:2)
  6 swamp worms (Lair:4)
  5 wargs
  7 water moccasins
  29 orc warriors
  2 hell hounds
  8 porcupines
  An ice beast (D:3)
  2 sky beasts
  9 black bears
  An eye of draining (Lair:5)
  A necrophage (D:9)
  9 ogres
  30 wolves
  3 boggarts (Lair:6)
  2 centaurs
  4 crocodiles
  16 bullfrogs
  A wyvern zombie (D:8)
  A wyvern skeleton (D:8)
  3 scorpions
  A water moccasin skeleton (D:5)
  17 killer bees
  12 wights
  A howler monkey (D:9)
  4 electric eels
  A bullfrog zombie (D:7)
  A jelly (D:7)
  4 human zombies (D:9)
  3 hounds
  32 orc priests
  A human skeleton (D:9)
  2 iguanas
  20 orc wizards
  6 worker ants
  Terence (D:2)
  A hound zombie (D:6)
  A hound skeleton (D:7)
  2 mummies (D:9)
  A howler monkey zombie (D:7)
  2 worker ant zombies
  A howler monkey skeleton (D:6)
  15 adders
  3 shadow imps
  3 oozes
  2 adder zombies (D:6)
  An adder skeleton (D:4)
  5 dart slugs
  A worm (D:6)
  4 leopard geckos
  87 orcs
  10 giant cockroaches
  3 goblins
  4 hobgoblins
  11 jackals
  8 kobolds
  2 quokkas
  A ball python (D:3)
  7 bats
  7 frilled lizards
  2 jackal skeletons (D:4)
  A leopard gecko skeleton (D:4)
  An orc zombie (D:9)
  5 rats
  2 rat zombies (D:8)
  A fungus (Lair:2)
616 creatures vanquished.

Vanquished Creatures (others)
  A wizard (D:5)
  A howler monkey (D:4)
  An adder (D:4)
  An orc (D:4)
  A jackal (D:4)
  27 fungi
  20 plants
52 creatures vanquished.

Grand Total: 668 creatures vanquished

Notes
Turn   | Place    | Note
-------+----------+-------------------------------------------
     0 | D:1      | rz the Gargoyle Earth Elementalist began the quest for the Orb.
     0 | D:1      | Reached XP level 1. HP: 10/10 MP: 3/3
   338 | D:1      | Reached XP level 2. HP: 15/15 MP: 1/5
   352 | D:1      | Reached skill level 4 in Earth Magic
   910 | D:1      | Reached XP level 3. HP: 19/19 MP: 7/7
  1106 | D:1      | Found an opulent altar of Gozag.
  1497 | D:2      | Noticed Sigmund
  1501 | D:2      | Killed Sigmund
  1501 | D:2      | Reached skill level 5 in Earth Magic
  1501 | D:2      | Reached XP level 4. HP: 7/24 MP: 3/9
  1501 | D:2      | Reached XP level 5. HP: 8/28 MP: 3/10
  1846 | D:2      | Learned a level 3 spell: Stone Arrow
  1859 | D:2      | Learned a level 5 spell: Lee's Rapid Deconstruction
  2017 | D:2      | Noticed Terence
  2022 | D:2      | Killed Terence
  2022 | D:2      | Reached skill level 6 in Earth Magic
  2022 | D:2      | Reached XP level 6. HP: 32/32 MP: 3/12
  2800 | D:3      | Noticed an ice beast
  2807 | D:3      | Killed an ice beast
  3175 | D:3      | Noticed zizio's ghost (amateur FoHu)
  3185 | D:3      | Killed zizio's ghost
  3185 | D:3      | Reached skill level 5 in Spellcasting
  3185 | D:3      | Reached skill level 7 in Earth Magic
  3185 | D:3      | Reached XP level 7. HP: 23/36 MP: 0/15
  3679 | D:3      | Learned a level 2 spell: Blink
  3683 | D:3      | Learned a level 3 spell: Conjure Flame
  4006 | D:3      | Found a shadowy altar of Dithmenos.
  4665 | D:4      | Reached skill level 1 in Fire Magic
  4765 | D:4      | Reached skill level 1 in Fighting
  5460 | D:4      | Found a shimmering altar of Xom.
  5638 | D:5      | Entered Level 5 of the Dungeon
  5638 | D:5      | Found a staircase to the Ecumenical Temple.
  5643 | D:5      | Reached XP level 8. HP: 25/43 MP: 3/16
  5830 | Temple   | Entered the Ecumenical Temple
  6112 | D:5      | Reached skill level 8 in Earth Magic
  6549 | D:5      | Noticed Prince Ribbit
  6558 | D:5      | Killed Prince Ribbit
  6719 | D:5      | Found a hazy altar of Hepliaklqana.
  6927 | D:5      | Found a bloodstained altar of Trog.
  6928 | D:5      | Noticed a wizard
  6933 | D:5      | Killed a wizard
  7641 | D:5      | Reached XP level 9. HP: 37/52 MP: 0/18
  8114 | D:6      | Reached skill level 9 in Earth Magic
  9330 | D:7      | Found a radiant altar of Vehumet.
  9330 | D:7      | Found a snail-covered altar of Cheibriados.
  9332 | D:7      | Found an opulent altar of Gozag.
  9339 | D:7      | Became a worshipper of Vehumet
  9604 | D:7      | Reached skill level 5 in Fighting
  9773 | D:7      | Found Ruynalui's Assorted Antiques.
  9809 | D:7      | Reached XP level 10. HP: 48/59 MP: 2/20
 10197 | D:7      | Reached skill level 5 in Fire Magic
 10203 | D:7      | Reached * piety under Vehumet
 10203 | D:7      | Offered knowledge of Shock by Vehumet.
 10832 | D:7      | Reached skill level 10 in Earth Magic
 11014 | D:7      | Reached skill level 5 in Dodging
 11347 | D:8      | Reached ** piety under Vehumet
 11352 | D:8      | Offered knowledge of Freeze by Vehumet.
 11562 | D:8      | Noticed kmckee24's ghost (novice MiFi)
 11709 | D:8      | Noticed a two-headed ogre
 11711 | D:8      | Killed a two-headed ogre
 11865 | D:8      | Found a glowing silver altar of Zin.
 12010 | D:8      | Found an ancient bone altar of Kikubaaqudgha.
 12045 | D:8      | Noticed a two-headed ogre
 12052 | D:8      | Killed a two-headed ogre
 12052 | D:8      | Reached XP level 11. HP: 67/67 MP: 16/23
 12299 | D:8      | Found a staircase to the Lair.
 12459 | D:8      | Found an ornate altar of the Wu Jian Council.
 12461 | D:8      | Found a blossoming altar of Fedhas.
 12470 | D:8      | Found a stormy altar of Qazlal.
 12647 | D:8      | Killed kmckee24's ghost
 12647 | D:8      | Reached skill level 11 in Earth Magic
 13101 | D:9      | Noticed a two-headed ogre
 13117 | D:9      | Killed a two-headed ogre
 13151 | D:9      | Noticed a two-headed ogre
 13251 | D:9      | Killed a two-headed ogre
 13588 | D:9      | Offered knowledge of Throw Frost by Vehumet.
 14035 | D:9      | Found a basalt altar of Yredelemnul.
 14133 | D:9      | Reached *** piety under Vehumet
 14142 | D:9      | Found a staircase to the Orcish Mines.
 14152 | D:9      | Found Keuquxze's Assorted Antiques.
 14339 | D:9      | Found a hide-covered altar of Uskayaw.
 14358 | D:9      | Noticed a two-headed ogre
 14364 | D:9      | Killed a two-headed ogre
 14449 | Lair:1   | Entered Level 1 of the Lair of Beasts
 14788 | Lair:1   | Offered knowledge of Ignite Poison by Vehumet.
 14819 | Lair:1   | Reached XP level 12. HP: 70/75 MP: 8/25
 15202 | Lair:1   | Noticed a seven-headed hydra
 15220 | Lair:1   | Killed a seven-headed hydra
 15310 | Lair:1   | Reached skill level 12 in Earth Magic
 15750 | Lair:1   | Reached **** piety under Vehumet
 16678 | Lair:2   | Offered knowledge of Fireball by Vehumet.
 16703 | Lair:2   | Learned a level 5 spell: Fireball
 18051 | Lair:3   | Noticed a five-headed hydra
 18059 | Lair:3   | Killed a five-headed hydra
 18100 | Lair:3   | Reached XP level 13. HP: 81/81 MP: 6/26
 18483 | Lair:3   | Reached skill level 10 in Spellcasting
 18752 | Lair:3   | Reached skill level 13 in Earth Magic
 18757 | Lair:3   | Reached skill level 10 in Fighting
 19715 | Lair:4   | Reached ***** piety under Vehumet
 19715 | Lair:4   | Offered knowledge of Iron Shot by Vehumet.
 19723 | Lair:4   | Learned a level 6 spell: Iron Shot
 20620 | Lair:4   | Found a staircase to the Snake Pit.
 20906 | Lair:4   | Found a staircase to the Swamp.
 21228 | Lair:4   | Reached skill level 10 in Fire Magic
 22305 | Lair:5   | Found a staircase to the Slime Pits.
 22949 | Lair:5   | Gained mutation: Your large and strong wings let you fly indefinitely. [Gargoyle growth]
 22949 | Lair:5   | Reached XP level 14. HP: 88/88 MP: 25/28
 23670 | Lair:5   | Reached skill level 14 in Earth Magic
 23974 | Lair:5   | Found the +3 hat of Pondering {ponderous, MR+ MP+10 Int+5}
 24039 | Lair:5   | Identified the cursed +0 long sword of Demand {freeze, rF+ MR+} (You found it on level 5 of the Lair of Beasts)
 24107 | Lair:6   | Entered Level 6 of the Lair of Beasts
 24382 | Lair:6   | Offered knowledge of Poison Arrow by Vehumet.
 24709 | Lair:6   | Reached skill level 1 in Shields
 25017 | Lair:6   | Reached skill level 1 in Long Blades
 25482 | Orc:1    | Entered Level 1 of the Orcish Mines
 25715 | Orc:1    | Noticed Urug
 25720 | Orc:1    | Noticed Fannar
 25789 | D:9      | Killed Urug
 25879 | Orc:1    | Killed Fannar
 26020 | Orc:1    | Noticed Maurice
 26068 | Orc:1    | Killed Maurice
 26122 | Orc:1    | Found Sunesk's Food Boutique.
 26279 | Orc:2    | Entered Level 2 of the Orcish Mines
 26488 | Orc:2    | Reached skill level 1 in Evocations
 26644 | Orc:2    | Found a staircase to the Elven Halls.
 26744 | Orc:2    | Noticed an orc warlord
 27067 | Orc:1    | Killed an orc warlord
 27297 | Orc:2    | Found Myturat's Magic Scroll Shop.
 27304 | Orc:2    | Bought a scroll of identify for 24 gold pieces
 27304 | Orc:2    | Bought a scroll of identify for 24 gold pieces
 27304 | Orc:2    | Bought a scroll of magic mapping for 42 gold pieces
 27632 | Orc:2    | Found Zamusioj's Distillery.
 27636 | Orc:2    | Found Caihea Jukh's Food Boutique.
 27966 | Orc:2    | Reached XP level 15. HP: 88/96 MP: 15/30
 28001 | Orc:2    | Slain by a sun demon

Skill      XL: |  1  2  3  4  5  6  7  8  9 10 11 12 13 14 |
---------------+-------------------------------------------+-----
Earth Magic    | 4 5 6 7 8 9 10 11 12 13 14 | 14.5
Spellcasting   | 3 4 5 6 7 8 9 10 11 | 11.4
Fire Magic     | 1 3 4 6 7 9 10 11 | 11.0
Fighting       | 1 3 5 7 8 9 10 11 | 11.8
Dodging        | 2 3 4 5 6 7 8 9 |  9.5
Shields        | 3 |  3.1
Long Blades    | 2 |  2.4
Evocations     | 2 |  2.2
Stealth        | |  2.1
Transmutations | |  0.7

Action                   |  1- 3 |  4- 6 |  7- 9 | 10-12 | 13-15 || total
-------------------------+-------+-------+-------+-------+-------++-------
Melee: Hand axe          |    24 |    21 |    96 |       |    51 ||   192
       Scythe            |       |    55 |       |       |       ||    55
       Dagger            |       |       |       |    88 |    69 ||   157
       Long sword        |       |       |       |       |    11 ||    11
       Staff             |       |       |       |       |     6 ||     6
 Cast: Sandblast         |    28 |    29 |    74 |   171 |    26 ||   328
       Stone Arrow       |       |     5 |   113 |   225 |   423 ||   766
       Lee's Rapid Decon |       |       |    12 |    20 |    27 ||    59
       Conjure Flame     |       |       |     1 |     2 |     1 ||     4
       Fireball          |       |       |       |     5 |    59 ||    64
       Blink             |       |       |       |     2 |    24 ||    26
       Iron Shot         |       |       |       |       |    81 ||    81
 Abil: Fly               |       |       |       |       |     1 ||     1
Evoke: Wand              |       |       |       |     6 |    10 ||    16
       Crystal ball of e |       |       |       |       |     1 ||     1
  Use: Potion            |       |       |     1 |       |     8 ||     9
       Scroll            |       |       |       |    11 |    19 ||    30
 Stab: Sleeping          |       |     4 |     2 |     1 |       ||     7
  Eat: Chunk             |     2 |     4 |    20 |    17 |    44 ||    87
       Ration            |       |       |     3 |     4 |     8 ||    15
Armor: Robe              |    14 |    48 |    67 |    59 |    49 ||   237
       Troll leather arm |       |       |       |   115 |   174 ||   289
Dodge: Dodged            |    28 |    90 |   128 |   289 |   370 ||   905
Block: Buckler           |       |       |       |       |    30 ||    30
